 Dungeon Crawl Stone Soup version 0.22-a0-183-g9e71ff9 (webtiles) character file.

169 b5mith the Poker (level 5, -2/42 HPs)
             Began as a Human Berserker on Feb 14, 2018.
             Was a Believer of Trog.
             Slain by b5mith's ghost (6 damage)
             ... on level 3 of the Dungeon.
             The game lasted 00:09:30 (2620 turns).

b5mith the Poker (Human Berserker)                  Turns: 2620, Time: 00:09:30

Health: -2/42      AC: 11    Str: 23    XL:     5   Next: 79%
Magic:  5/5        EV:  7    Int:  8    God:    Trog [**....]
Gold:   75         SH:  0    Dex: 12    Spells: 4/4 levels left

rFire    . . .     SeeInvis .   p - +0 halberd
rCold    . . .     Gourm    .   (shield currently unavailable)
rNeg     . . .     Faith    .   e - +0 plate armour
rPois    .         Spirit   .   (no helmet)
rElec    .         Reflect  .   (no cloak)
rCorr    .         Harm     .   (no gloves)
MR       .....                  (no boots)
Stlth    ..........             (no amulet)
HPRegen  0.14/turn              (no ring)
MPRegen  0.09/turn              (no ring)

@: mighty
A: no striking features
a: Berserk, Trog's Hand, Burn Spellbooks, Renounce Religion


You were on level 3 of the Dungeon.
You worshipped Trog.
Trog was pleased with you.
You were not hungry.

You visited 1 branch of the dungeon, and saw 3 of its levels.

You collected 75 gold pieces.

Inventory:

Hand Weapons
 a - a +0 spear
 p - a +0 halberd (weapon)
Missiles
 g - 54 stones (quivered)
Armour
 b - a +0 animal skin
 e - a +0 plate armour (worn)
Scrolls
 d - a scroll of blinking {unknown}
 h - a scroll of amnesia {unknown}
 i - a scroll of magic mapping {unknown}
 k - a scroll of fog {unknown}
 m - a scroll of enchant armour {unknown}
 o - a scroll of identify {@r1}
Potions
 j - a potion of ambrosia {unknown}
 l - 3 potions of flight
Comestibles
 c - 4 rations
 n - 5 chunks of flesh


   Skills:
 + Level 3.9 Fighting
 + Level 3.9 Polearms
 + Level 3.2 Armour
 + Level 3.1 Dodging


You had 4 spell levels left.
You didn't know any spells.

Dungeon Overview and Level Annotations

Branches:
Dungeon (3/15)

Altars:

Annotations:
D:3 b5mith's ghost, weakling HuBe


Message History

You're too confused!
You puncture the orc!
You kill the orc!
Trog accepts your kill. Something hits you but does no damage.
You hear some strange, mumbled words.
A magic dart appears from out of thin air!
The magic dart hits you!
* * * LOW HITPOINT WARNING * * *
You're too confused!
You feel mightier all of a sudden.
B5mith's ghost hits you but does no damage.
Something hits you but does no damage.
You miss something.
B5mith's ghost hits you but does no damage.
Something hits you but does no damage.
You're too confused to move!
You feel less confused. B5mith's ghost hits you.
You die...

....##.......#.#...............
.....#.........รท.............
.#..#.o.....#.>.............
#.....#..#.#####...#.##....
#.......##.o#.# #...........
#####.....#o#.# #...#.#####.
####.##)##.# #...#.......
........##{# ##.#########
.###%...oW@# #.#
#.....#########.# ....##.##
#.......# ####### .### #.
#.#####.###.....# #.
#.##........###.# ..
#.##.##.##### #.# ## #.......#
###.# #.....### #.... #.#.#...#
#.#.#


You could see b5mith's ghost and an orc.

Vanquished Creatures
  A worker ant (D:2)
  4 gnolls (D:3)
  5 adders
  2 worms
  A dart slug (D:2)
  2 orcs (D:3)
  3 giant cockroaches
  3 goblins
  12 hobgoblins
  3 jackals (D:2)
  4 kobolds
  A quokka (D:3)
  A ball python (D:3)
  5 bats
  4 frilled lizards
  5 rats
56 creatures vanquished.

Notes
Turn   | Place    | Note
-------+----------+-------------------------------------------
     0 | D:1      | b5mith the Human Berserker began the quest for the Orb.
     0 | D:1      | Reached XP level 1. HP: 18/18 MP: 1/1
   181 | D:1      | Reached XP level 2. HP: 19/24 MP: 2/2
   521 | D:2      | Reached XP level 3. HP: 17/29 MP: 3/3
   771 | D:2      | Reached XP level 4. HP: 21/35 MP: 4/4
   849 | D:2      | Reached ** piety under Trog
  1824 | D:3      | Reached XP level 5. HP: 9/41 MP: 5/5
  2594 | D:3      | Noticed b5mith's ghost (weakling HuBe)
  2620 | D:3      | Slain by b5mith's ghost

Vault maps used:
D:1:      evilmike_arrival_hilbert_curve

Skill      XL: |  1  2  3  4  5 |
---------------+----------------+-----
Armour         | 3 |  3.2
Dodging        | 3 |  3.1
Fighting       | |  3.9
Polearms       | |  3.9

Action                   |  1- 3 |  4- 6 || total
-------------------------+-------+-------++-------
Melee: Spear             |    82 |   197 ||   279
       Halberd           |       |    15 ||    15
Throw: Stone             |     1 |    11 ||    12
Invok: Berserk           |       |     1 ||     1
  Use: Potion            |     1 |     2 ||     3
       Scroll            |       |     2 ||     2
 Stab: Sleeping          |     1 |     1 ||     2
  Eat: Chunk             |       |     7 ||     7
Armor: Animal skin       |     9 |    14 ||    23
       Plate armour      |       |    54 ||    54
Dodge: Dodged            |    45 |    84 ||   129

Table legend:
 A = Spawn XP
 B = Non-spawn XP
 C = Spawn XP percentage of total XP
 D = Spawn monster count
 E = Non-spawn monster count
 F = Spawn count percentage of total count
 G = Total turns spent on level
                    A         B        C        D         E        F      G
               +---------+---------+-------+---------+---------+-------+---------
         Total |       0 |     242 |   0.0 |       0 |      56 |   0.0 |  2620
               +---------+---------+-------+---------+---------+-------+---------
           D:1 |       0 |      15 |   0.0 |       0 |      11 |   0.0 |   472
           D:2 |       0 |     109 |   0.0 |       0 |      28 |   0.0 |  1331
           D:3 |       0 |     118 |   0.0 |       0 |      17 |   0.0 |   817
               +---------+---------+-------+---------+---------+-------+---------
